 Dungeon Crawl Stone Soup version 0.19.5 (webtiles) character file.

13404 Gargoyl the Cleaver (level 12, -5/103 HPs)
             Began as a Ghoul Abyssal Knight on May 3, 2017.
             Was a High Priest of Lugonu.
             Slain by a komodo dragon (17 damage)
             ... on level 2 of the Lair of Beasts.
             The game lasted 00:22:20 (9973 turns).

Gargoyl the Cleaver (Ghoul Abyssal Knight)          Turns: 9973, Time: 00:22:20

Health: -5/103     AC: 37    Str: 21    XL:     12   Next: 5%
Magic:  17/17      EV:  4    Int:  7    God:    Lugonu [*****.]
Gold:   394        SH:  0    Dex: 12    Spells: 0 memorised, 11 levels left

rFire  + . .     SeeInvis .     C - +0 war axe (protect)
rCold  + . .     Gourm    .     l - +3 crystal plate armour
rNeg   + + +     Faith    .     (no shield)
rPois  ∞         Spirit   .     (no helmet)
rElec  .         Reflect  .     d - +1 cloak
rCorr  +         Harm     .     o - +2 pair of gloves of the Storm King {rF+ rCorr Str+4}
MR     +....                    g - +0 pair of boots
Stlth  ..........               (no amulet)
                                (no ring)
                                i - ring of protection from magic

@: protection aura, rotting
A: rotting body, claws 1, carnivore 3, cold resistance 1, negative energy
resistance 3, slow regeneration 1, torment resistance, unbreathing
a: Depart the Abyss, Bend Space, Banish, Corrupt, Enter the Abyss, Renounce
Religion


You were on level 2 of the Lair of Beasts.
You worshipped Lugonu.
Lugonu was extremely pleased with you.
You were not hungry.

You visited 2 branches of the dungeon, and saw 11 of its levels.
You visited the Abyss 1 time.
You also visited: Sewer.

You collected 514 gold pieces.
You spent 120 gold pieces at shops.

Inventory:

Hand Weapons
 a - a +1 hand axe
 j - a +2 hand axe of chopping
 C - a +0 war axe of protection (weapon)
Missiles
 E - 3 javelins (quivered)
Armour
 d - a +1 cloak (worn)
 g - a +0 pair of boots (worn)
 l - a +3 crystal plate armour (worn)
 o - the +2 pair of gloves of the Storm King (worn) {rF+ rCorr Str+4}
   (You found it on level 4 of the Dungeon)

   It affects your strength (+4).
   It protects you from fire.
   It protects you from acid and corrosion.
Jewellery
 i - a ring of protection from magic (left hand)
 M - a +6 amulet of reflection {unknown}
Wands
 z - a wand of random effects (27/48)
 D - a wand of random effects (32/48)
 G - a wand of digging (7/24)
 J - a wand of lightning (4/15)
 L - a wand of paralysis (7/24)
Scrolls
 k - 2 scrolls of identify
 m - 4 scrolls of remove curse
 q - 2 scrolls of amnesia
 y - 4 scrolls of recharging
 A - 2 scrolls of blinking
 H - a scroll of fear
 O - a scroll of teleportation
Potions
 b - 3 potions of mutation
 e - 2 potions of lignification {unknown}
 h - a potion of haste
 n - 4 potions of might {unknown}
 p - 3 potions of brilliance {unknown}
 r - 2 potions of beneficial mutation
 s - a potion of ambrosia {unknown}
 t - 2 potions of magic {unknown}
 u - 3 potions of heal wounds {unknown}
 w - 3 potions of curing
 x - 8 potions of flight
 B - 4 potions of agility {unknown}
 N - 2 potions of cure mutation {unknown}
Books
 f - a book of Changes

   Spells                             Type                      Level
   a - Beastly Appendage              Transmutation                1
   b - Sticks to Snakes               Transmutation                2
   c - Spider Form                    Transmutation/Poison         3
   d - Ice Form                       Ice/Transmutation            4
   e - Blade Hands                    Transmutation                5
 K - a book of Debilitation

   Spells                             Type                      Level
   a - Corona                         Hexes                        1
   b - Slow                           Hexes                        2
   c - Gell's Gravitas                Hexes/Translocation          3
   d - Inner Flame                    Hexes/Fire                   3
   e - Cause Fear                     Hexes                        4
   f - Leda's Liquefaction            Hexes/Earth                  4
 P - a book of Geomancy

   Spells                             Type                      Level
   a - Sandblast                      Earth                        1
   b - Passwall                       Transmutation/Earth          2
   c - Stone Arrow                    Conjuration/Earth            3
   d - Petrify                        Transmutation/Earth          4
   e - Lee's Rapid Deconstruction     Earth                        5
Comestibles
 c - 5 meat rations
 v - 3 royal jellies
 F - 2 slices of pizza
 I - 2 beef jerkies
 Q - 8 chunks of flesh


   Skills:
 + Level 8.3 Fighting
 + Level 10.7 Axes
 * Level 10.0 Armour
 + Level 1.7 Dodging
 * Level 9.2 Invocations


You had 11 spell levels left.
You didn't know any spells.

Dungeon Overview and Level Annotations

Branches:
Dungeon (9/15)             Temple (0/1) D:4            Lair (2/6) D:9
  Swamp: Lair:2-4    Shoals: Lair:2-4     Snake: Lair:2-4    Spider: Lair:2-4
    Orc: D:9-12

Altars:
Cheibriados
Dithmenos
Gozag
Makhleb
Nemelex Xobeh
Okawaru
Ru
Sif Muna
Trog
Vehumet
The Shining One

Shops:
D:9 *


Innate Abilities, Weirdness & Mutations

Your body is rotting away.
You thrive on raw meat.
You are immune to poison.
You have sharp fingernails.
You are carnivorous and can eat meat at any time.
Your flesh is cold resistant. (rC+)
You are immune to negative energy. (rN+++)
You regenerate slowly when monsters are visible.
You are immune to unholy pain and torment.
You can survive without breathing.


Message History

You barely miss the komodo dragon.
The soldier ant stings you but does no damage.
The komodo dragon bites you!
* * * LOW HITPOINT WARNING * * *
You hit the komodo dragon but do no damage.
The komodo dragon is almost dead.
You hit the soldier ant.
The soldier ant stings you but does no damage.
The komodo dragon bites you!
* * * LOW HITPOINT WARNING * * *
Your crystal plate armour prevents you from hitting the komodo dragon.
The komodo dragon is almost dead.
You hit the soldier ant.
The soldier ant stings you but does no damage.
The komodo dragon bites you but does no damage.
Eat one of 8 chunks of flesh? (ye/n/q)
You start eating one of the 8 chunks of flesh.
The soldier ant stings you but does no damage.
The komodo dragon bites you!
You die...

... #...
#......##........ ...
###. #......##........
... ##.
##....#.........P ... #
#..####..####...###.#
...
#P##...#..#####.....####
...
#.......####.##....##
... #..................#
... #.....l†...####..###
... .......@a##.# ####
... ......#### # ...
...... ... .....# ...
..... ... ...#P ... ..#
... ...


You could see a komodo dragon and a soldier ant.

Vanquished Creatures
  A queen ant (Lair:2)
  Maurice (D:8)
  An elephant (Lair:1)
  A black mamba (Lair:2)
  2 spiny frogs
  A komodo dragon (Lair:2)
  A troll (D:9)
  3 blink frogs
  2 hippogriffs (Lair:1)
  Sigmund (D:5)
  10 yaks
  A basilisk (Lair:2)
  2 steam dragons
  3 water moccasins
  Edmund (D:5)
  18 soldier ants
  Duvessa (D:5)
  5 porcupines
  2 black bears (D:7)
  4 ice beasts
  A necrophage (D:8)
  2 orc warriors
  2 phantoms
  3 wolves
  An ogre (D:9)
  3 crocodiles (Lair:1)
  5 centaurs
  The ghost of letownia the Insei, an amateur OpTm (Sewer)
  The ghost of gorpus the Sneak, an amateur OpWz (D:3)
  6 bullfrogs
  3 big kobolds (Sewer)
  Dowan (D:5)
  A scorpion (D:9)
  8 killer bees (D:8)
  7 crimson imps
  2 bullfrog zombies (D:6)
  3 hounds
  3 jellies
  2 orc priests
  5 orc wizards
  Jessica (D:2)
  A bullfrog skeleton (D:7)
  3 iguanas (D:8)
  25 worker ants
  A hound skeleton (D:6)
  A mummy (D:9)
  10 gnolls
  9 adders
  5 shadow imps
  2 adder skeletons
  4 worms
  4 leopard geckos
  28 orcs
  4 ball pythons
  9 bats
  5 giant cockroaches
  5 goblins
  2 hobgoblins (D:1)
  10 jackals
  2 quokkas (D:3)
  2 ball python skeletons
  2 frilled lizards
  17 kobolds
  2 rats
275 creatures vanquished.

Vanquished Creatures (others)
  A starspawn tentacle (Abyss:1)
1 creature vanquished.

Grand Total: 276 creatures vanquished

Notes
Turn   | Place    | Note
-------+----------+-------------------------------------------
     0 | Abyss:1  | Gargoyl the Ghoul Abyssal Knight began the quest for the Orb.
     0 | Abyss:1  | Reached XP level 1. HP: 19/19 MP: 1/1
    71 | Abyss:1  | Noticed a tentacled starspawn
    82 | Abyss:1  | Noticed a tentacled starspawn
    91 | D:1      | Escaped the Abyss
   354 | D:1      | Reached * piety under Lugonu
   497 | D:1      | Found a glowing golden altar of the Shining One.
   512 | D:1      | Reached XP level 2. HP: 18/26 MP: 2/2
   664 | D:1      | Reached skill level 1 in Dodging
   778 | D:1      | Reached XP level 3. HP: 33/33 MP: 3/3
  1165 | D:2      | Noticed Jessica
  1175 | D:2      | Killed Jessica
  1175 | D:2      | Reached XP level 4. HP: 40/40 MP: 3/5
  1224 | D:2      | Found an opulent altar of Gozag.
  1595 | D:3      | Found a deep blue altar of Sif Muna.
  1793 | D:3      | Reached XP level 5. HP: 28/46 MP: 6/6
  1880 | D:3      | Noticed a phantom
  1890 | D:3      | Noticed gorpus's ghost (amateur OpWz)
  1921 | D:3      | Killed gorpus's ghost
  1938 | D:3      | Killed a phantom
  1938 | D:3      | Reached XP level 6. HP: 21/52 MP: 7/7
  2076 | D:3      | Found a radiant altar of Vehumet.
  2320 | D:4      | Found a sacrificial altar of Ru.
  2381 | D:4      | Got a pair of brightly glowing gloves
  2387 | D:4      | Identified the +2 pair of gloves of the Storm King {rF+ rCorr Str+4} (You found it on level 4 of the Dungeon)
  2450 | D:4      | Reached ** piety under Lugonu
  2769 | D:4      | Found a staircase to the Ecumenical Temple.
  2791 | D:4      | Reached XP level 7. HP: 60/60 MP: 9/9
  2967 | D:5      | Entered Level 5 of the Dungeon
  3115 | D:5      | Noticed Duvessa
  3115 | D:5      | Noticed Dowan
  3125 | D:5      | Killed Dowan
  3144 | D:5      | Killed Duvessa
  3288 | D:5      | Noticed Edmund
  3302 | D:5      | Killed Edmund
  3322 | D:5      | Reached XP level 8. HP: 45/67 MP: 10/10
  3378 | D:5      | Noticed Sigmund
  3393 | D:5      | Killed Sigmund
  3393 | D:5      | Reached skill level 5 in Fighting
  3393 | D:5      | Reached skill level 5 in Axes
  3393 | D:5      | Reached skill level 5 in Invocations
  3715 | D:5      | Reached skill level 5 in Armour
  4283 | D:6      | Reached *** piety under Lugonu
  4307 | D:6      | Reached XP level 9. HP: 45/74 MP: 12/12
  4380 | D:6      | Found a glowing drain.
  4389 | Sewer    | Entered a sewer
  4427 | Sewer    | Noticed letownia's ghost (amateur OpTm)
  4450 | Sewer    | Killed letownia's ghost
  5183 | D:7      | Reached **** piety under Lugonu
  5274 | D:7      | Found a burning altar of Makhleb.
  5301 | D:7      | Found an iron altar of Okawaru.
  5319 | D:7      | Found a sparkling altar of Nemelex Xobeh.
  5772 | D:8      | Reached XP level 10. HP: 84/84 MP: 14/14
  5832 | D:8      | Found a radiant altar of Vehumet.
  6011 | D:8      | Found a shadowy altar of Dithmenos.
  6060 | D:8      | Found a bloodstained altar of Trog.
  6075 | D:8      | Noticed Maurice
  6128 | D:8      | Killed Maurice
  6558 | D:9      | Found a staircase to the Lair.
  6842 | D:9      | Found Nafut's General Store.
  6845 | D:9      | Reached ***** piety under Lugonu
  6856 | D:9      | Bought a scroll of blinking for 120 gold pieces
  7353 | D:9      | Found a snail-covered altar of Cheibriados.
  7678 | Lair:1   | Entered Level 1 of the Lair of Beasts
  7888 | Lair:1   | Noticed an elephant
  7906 | Lair:1   | Killed an elephant
  7979 | Lair:1   | Reached XP level 11. HP: 81/92 MP: 15/15
  8573 | Lair:2   | Found an opulent altar of Gozag.
  9032 | Lair:2   | Noticed a queen ant
  9106 | Lair:2   | Killed a queen ant
  9441 | Lair:2   | Reached skill level 10 in Axes
  9882 | Lair:2   | Reached skill level 10 in Armour
  9910 | Lair:2   | Reached XP level 12. HP: 98/102 MP: 17/17
  9973 | Lair:2   | Slain by a komodo dragon

Skill      XL: |  1  2  3  4  5  6  7  8  9 10 11 |
---------------+----------------------------------+-----
Axes           | 2 3 4 6 7 9 10 | 10.7
Dodging        | 1 |  1.7
Armour         | 2 3 4 5 7 8 10 | 10.0
Invocations    | 3 4 5 6 7 9 |  9.2
Fighting       | 4 5 6 7 8 |  8.3

Action                   |  1- 3 |  4- 6 |  7- 9 | 10-12 || total
-------------------------+-------+-------+-------+-------++-------
Melee: Hand axe          |    72 |   160 |   568 |   326 ||  1126
       War axe           |       |       |       |   438 ||   438
Throw: Javelin           |       |       |       |     6 ||     6
Invok: Depart the Abyss  |     1 |       |       |       ||     1
  Use: Scroll            |     1 |     6 |     9 |     5 ||    21
       Potion            |       |       |     1 |     6 ||     7
  Eat: Chunk             |    10 |    23 |    45 |    87 ||   165
Armor: Leather armour    |    39 |     5 |       |       ||    44
       Chain mail        |       |   114 |       |       ||   114
       Crystal plate arm |       |       |   702 |   965 ||  1667
Dodge: Dodged            |    75 |    77 |   111 |   212 ||   475
